 Dungeon Crawl Stone Soup version 0.27.1-34-g3ba077fa99 (webtiles) character file.

Game seed: 12901242993486582877

48 Delamore the Sneak (level 3, -14/24 HPs)
             Began as an Octopode Brigand on Feb 11, 2022.
             Demolished by Crazy Yiuf (15 damage)
             ... on level 2 of the Dungeon.
             The game lasted 00:01:18 (1604 turns).

Delamore the Sneak (Octopode Brigand)               Turns: 1604, Time: 00:01:18

Health: -14/24     AC:  1    Str: 10    XL:     3   Next: 72%
Magic:  0/3        EV: 12    Int: 19    God:
Gold:   100        SH:  0    Dex: 14    Spells: 2/2 levels left

rFire    . . .     SeeInvis .   a - +2 dagger
rCold    . . .     Faith    .   (no shield)
rNeg     . . .     Spirit   .   (helmet restricted)
rPois    .         Reflect  .   (no amulet)
rElec    .         Harm     .   j - +6 ring of intelligence
rCorr    .         Rampage  .   (no ring)
Will     .....                  (no ring)
Stlth    ++++......             (no ring)
HPRegen  0.08/turn              (no ring)
MPRegen  0.08/turn              (no ring)
                                (no ring)
                                (no ring)

@: hasted, very quick
A: almost no armour, amphibious, 8 rings, camouflage 1, gelatinous body 1,
(nimble swimmer 1), tentacles
a: no special abilities


You were on level 2 of the Dungeon.
You visited 1 branch of the dungeon, and saw 2 of its levels.

You collected 100 gold pieces.

Inventory:

Hand Weapons
 a - a +2 dagger (weapon)
Missiles
 b - 18 poisoned darts (quivered)
 c - 2 curare-tipped darts
 f - 4 datura-tipped darts
Jewellery
 g - a ring of ice
 j - a +6 ring of intelligence (left tentacle)
Wands
 l - a wand of flame (17)
Scrolls
 h - a scroll of enchant weapon
 i - a scroll of amnesia
 k - a scroll of teleportation
 m - a scroll of noise {unknown}
Potions
 d - a potion of haste
 e - a potion of heal wounds {unknown}


   Skills:
 - Level 2.0 Fighting
 + Level 2.1 Short Blades
 - Level 2.0 Throwing
 - Level 1.0 Dodging
 * Level 7.2 Stealth


You had 2 spell levels left.
You didn't know any spells.
Your spell library contained the following spells:

 Spells                   Type           Power      Damage    Failure   Level
 Summon Ice Beast         Ice/Summ       0%         N/A       90%         4
 Summon Mana Viper        Hex/Summ       0%         N/A       99%         5
 Monstrous Menagerie      Summ           0%         N/A       100%        7


Dungeon Overview and Level Annotations

Branches:
Dungeon (2/15)

Altars:

Annotations:
D:2 Crazy Yiuf


Innate Abilities, Weirdness & Mutations

You cannot wear most types of armour.
You are amphibious.
You can wear up to eight rings at the same time.
Your skin changes colour to match your surroundings (Stealth+).
Your rubbery body absorbs attacks. (AC +1, EV +1)
((You are camouflaged near water. (Stealth+)))
You have tentacles for arms and can constrict up to eight enemies at once.


Message History

You constrict the hobgoblin, but do no damage.
You hit the hobgoblin.
You kill the hobgoblin!
No target in view!
No target in view!
No target in view!
No target in view!
No target in view!
No target in view!
You see here a +0 robe.
There is an open door here.
You open the door.
There is an open door here.
Key pressed, stopping explore.
You see here a +0 mace.
You see here a +0 mace.
There is an escape hatch in the ceiling here.
Could not explore, unopened runed door.
Could not explore, unopened runed door.
No reachable target in view!
You open the door.
There is an open translucent door here.
You barely miss Crazy Yiuf.
Crazy Yiuf shouts!
You grab Crazy Yiuf.
You constrict Crazy Yiuf, but do no damage.
Crazy Yiuf hits you with a +4 quarterstaff of chaos!
You feel your power leaking away.
You hit Crazy Yiuf. You squeeze Crazy Yiuf!
Crazy Yiuf is heavily wounded.
You constrict Crazy Yiuf.
Crazy Yiuf hits you with a +4 quarterstaff of chaos!
Ouch! That really hurt!
* * * LOW HITPOINT WARNING * * *
Crazy Yiuf draws strength from your wounds!
Okay, then.
It was a potion of haste.
You feel yourself speed up.
You constrict Crazy Yiuf.
Crazy Yiuf hits you with a +4 quarterstaff of chaos!
Ouch! That really hurt!
You die...

...## ♣♣PP.♣ #.##.......† ..##
#### ♣♣.♣♣ #.##........ '####
#..# ♣♣.♣ #...........
....#####..# ♣.♣♣ #.##........
...........# ♣♣.♣ #..#.##...##
....#####..# ♣.♣♣ #....##...##
'#### #..# ##'## #..#........
..## #..# #...# #.##########
...## ##.# #.@.# #.# .[..# #.#
#).g# #.# ....# #.# ##### #'##
)...# ##.# #..## ## ...##
#..##### ####...## #. ..###
#.#....# ##.......## ##.
###.#####......###.........####..
.................'.........'.....
.##.#####.#...####.........##....


You could see Crazy Yiuf.

Vanquished Creatures
  2 adders (D:2)
  A dart slug (D:2)
  A ball python (D:2)
  An endoplasm (D:2)
  A giant cockroach (D:2)
  2 goblins
  5 hobgoblins
  A quokka (D:1)
  3 bats (D:2)
  4 frilled lizards
  2 kobolds
  4 rats
27 creatures vanquished.

Notes
Turn   | Place    | Note
-------+----------+-------------------------------------------
     0 | D:1      | Delamore the Octopode Brigand began the quest for the Orb.
     0 | D:1      | Reached XP level 1. HP: 14/14 MP: 1/1
   237 | D:1      | Reached XP level 2. HP: 19/19 MP: 2/2
   268 | D:1      | Reached skill level 6 in Stealth
   942 | D:2      | Found a runed translucent door.
   943 | D:2      | Noticed Crazy Yiuf
  1231 | D:2      | Reached XP level 3. HP: 24/24 MP: 3/3
  1282 | D:2      | Reached skill level 7 in Stealth
  1603 | D:2      | HP: 1/24 [Crazy Yiuf (12)]
  1604 | D:2      | Demolished by Crazy Yiuf

Illustrated notes

Levels and vault maps discovered:
D:1:      psy_arrival_fountain, layout_rooms, minmay_pentomino_z4
D:2:      kennysheep_six_static_rooms, layout_loops_corners,
          minmay_misc_feat_enclosed, minivault_25, uniq_crazy_yiuf_cottage

Skill      XL: |  1  2  3 |
---------------+----------+-----
Stealth        | 6 7 |  7.2
Fighting       | |  2.0
Short Blades   | |  2.1
Throwing       | |  2.0
Dodging        | |  1.0

Action                   || total
-------------------------++-------
Melee: Dagger            ||    45
       Constrict         ||    17
       Tentacles         ||     7
  Use: Scroll            ||     3
       Potion            ||     1
 Stab: Sleeping          ||    12
Armor: Skin              ||     2
Dodge: Dodged            ||    19
